 Dungeon Crawl Stone Soup version 0.30-a0-12-gd8047c6341 (webtiles) character file.

Game seed: 156259306963930402

350 night the Grave Robber (level 6, -3/44 HPs)
             Began as a Gnoll Necromancer on Aug 23, 2022.
             Killed by divine providence
             ... invoked by an orc priest
              (16 damage)
             ... on level 4 of the Dungeon.
             The game lasted 00:06:02 (3130 turns).

night the Grave Robber (Gnoll Necromancer)          Turns: 3130, Time: 00:06:02

Health: -3/44      AC:  6    Str:  9    XL:     6   Next: 61%
Magic:  11/14      EV: 11    Int: 15    God:
Gold:   194        SH:  0    Dex: 12    Spells: 10/15 levels left

rFire   . . .      SeeInvis +    q - +5 spear "Mank" {vorpal, Drain rN++ Will+ SInv}
rCold   . . .      Faith    .    (no shield)
rNeg    + + .      Spirit   .    f - +0 ring mail
rPois   .          Reflect  .    (no helmet)
rElec   .          Harm     .    (no cloak)
rCorr   .          Rampage  .    (no gloves)
Will    +....                    m - +0 pair of boots
Stlth   ++........               (no amulet)
HPRegen 0.14/turn                (no ring)
MPRegen 0.14/turn                (no ring)

@: animating dead
A: fangs 1, strong nose, distributed training
a: no special abilities


You were on level 4 of the Dungeon.
You visited 1 branch of the dungeon, and saw 4 of its levels.

You collected 194 gold pieces.

Inventory:

Hand Weapons
 c - a +0 club
 d - a +0 short sword
 l - a +1 dagger of draining
 q - the +5 spear "Mank" (weapon) {vorpal, Drain rN++ Will+ SInv}
   (You found it on level 2 of the Dungeon)

   It inflicts extra damage upon your enemies.
   rN:        It greatly protects you from negative energy.
   SInv:      It lets you see invisible.
   Drain:     It drains your maximum health when unequipped.
   Will:      It increases your willpower.
Missiles
 k - 42 stones
 n - 8 poisoned darts
Armour
 a - a +0 robe
 f - a +0 ring mail (worn)
 m - a +0 pair of boots (worn)
Scrolls
 g - 2 scrolls of enchant weapon {unknown}
 j - a scroll of blinking {unknown}
 p - a scroll of teleportation
 u - a scroll of silence {unknown}
 w - a scroll of noise {unknown}
Potions
 b - 2 potions of magic
 e - 5 potions of curing {unknown}
 h - 6 potions of lignification
 i - 2 potions of berserk rage {unknown}
 o - 2 potions of mutation {unknown}
 r - a potion of attraction {unknown}
 s - 3 potions of degeneration {unknown}
 t - 2 potions of resistance {unknown}
 v - 2 potions of haste {unknown}
 x - a potion of invisibility {unknown}


   Skills:
 + Level 2.1 Fighting
 + Level 2.1 Short Blades
 + Level 2.1 Long Blades
 + Level 2.1 Axes
 + Level 2.1 Maces & Flails
 + Level 2.1 Polearms
 + Level 2.1 Staves
 + Level 2.1 Ranged Weapons
 + Level 2.1 Throwing
 + Level 2.1 Armour
 + Level 5.0 Dodging
 + Level 4.7 Stealth
 + Level 2.1 Shields
 + Level 2.1 Unarmed Combat
 + Level 5.4 Spellcasting
 + Level 1.6 Conjurations
 + Level 1.6 Hexes
 + Level 1.6 Summonings
 + Level 7.3 Necromancy
 + Level 1.6 Translocations
 + Level 1.6 Transmutations
 + Level 1.6 Fire Magic
 + Level 1.6 Ice Magic
 + Level 1.6 Air Magic
 + Level 1.6 Earth Magic
 + Level 1.6 Poison Magic
 + Level 2.3 Invocations
 + Level 2.1 Evocations


You had 10 spell levels left.
You knew the following spells:

 Your Spells              Type           Power      Damage    Failure   Level
a - Necrotise             Necr           100%       1d9       1%          1
b - Animate Dead          Necr           26%        N/A       21%         4

Your spell library contained the following spells:

 Spells                   Type           Power      Damage    Failure   Level
 Vampiric Draining        Necr           26%        2d7       6%          3
 Agony                    Necr           26%        N/A       50%         5
 Dazzling Flash           Conj/Hex       18%        N/A       54%         3
 Iskenderun's Mystic Bla  Conj/Tloc      9%         2d4       91%         4
 Petrify                  Tmut/Erth      9%         N/A       91%         4
 Metabolic Englaciation   Hex/Ice        4%         N/A       99%         5
 Starburst                Conj/Fire      4%         6d4       100%        6
 Statue Form              Tmut/Erth      6%         N/A       100%        6


Dungeon Overview and Level Annotations

Branches:
Dungeon (4/15)
 Temple: D:4-7

Altars:
Zin

Shops:
D:3 (


Innate Abilities, Weirdness & Mutations

You have very sharp teeth.
Your uncanny sense of smell can sniff out nearby items.
Your experience applies equally to all skills.


Message History

An orc comes into view. It is wielding a +0 club.
You closely miss the orc wizard. Your bite misses the orc wizard.
The orc wizard points at you and mumbles some strange words.
The puff of flame hits you. The orc closely misses you.
Casting: Necrotise (safe; 1% risk of failure)
Confirm with . or Enter, or press ? or * to list all spells.
You dismiss your zombies and call upon the dead to rise afresh.
Your scorpion zombie crumbles into dust!
The orc hits you with a +0 club. The orc wizard closely misses you.
Unknown command.
You barely miss the orc wizard. The orc hits you with a +0 club.
The orc wizard closely misses you.
You miss the orc wizard. The orc hits you but does no damage.
The orc wizard closely misses you.
You puncture the orc wizard! You bite the orc wizard.
The orc wizard is almost dead.
The orc barely misses you.
The orc wizard hits you with a +0 dagger.
You closely miss the orc wizard. Your bite misses the orc wizard.
The orc wizard is almost dead.
The orc hits you with a +0 club.
The orc wizard hits you with a +0 dagger.
You closely miss the orc wizard.
The orc wizard is almost dead.
The orc barely misses you.
The orc wizard gestures at you while chanting.
The puff of flame hits you!
You closely miss the orc wizard.
The orc wizard is almost dead.
The orc hits you with a +0 club. The orc wizard barely misses you.
You hit the orc wizard.
You kill the orc wizard!
The dead are walking!
The orc closely misses you.
The orc throws a boomerang.
The boomerang hits you.
* * * LOW HITPOINT WARNING * * *
You hit the orc priest.
The orc priest is severely wounded.
The orc priest mumbles some strange prayers to Beogh against you.
Beogh smites you!
You die...

########## .$......#
...#####.....######
#...^Z)oo...........#
.....###@....######.#
#.##.###.....## #.#
#......#...# #.#
#######.##.#####.#
..##.........##.#
#.##.#.#..##.##.#####
######.##.#.#.............
#...).....#.....#.........
#.####.####........#.#####


You could see an orc priest (ally target), an orc and a friendly orc wizard
zombie.

Vanquished Creatures
  An ogre (D:4)
  A scorpion (D:4)
  A howler monkey (D:4)
  A hound (D:4)
  An orc wizard (D:4)
  An adder (D:2)
  A worm (D:2)
  A dart slug (D:4)
  An orc (D:3)
  4 ball pythons
  3 endoplasms
  A giant cockroach (D:3)
  9 goblins
  3 hobgoblins (D:1)
  3 jackals (D:2)
  10 kobolds
  A quokka (D:1)
  8 bats
  6 frilled lizards
  5 rats
62 creatures vanquished.

Vanquished Creatures (collateral kills)
  A howler monkey (D:4)
  3 endoplasms (D:1)
  A rat (D:1)
5 creatures vanquished.

Vanquished Creatures (others)
  A dart slug zombie (D:4)
  An endoplasm zombie (D:4)
2 creatures vanquished.

Grand Total: 69 creatures vanquished

Notes
Turn   | Place    | Note
-------+----------+-------------------------------------------
     0 | D:1      | night the Gnoll Necromancer began the quest for the Orb.
     0 | D:1      | Reached XP level 1. HP: 13/13 MP: 6/6
   134 | D:1      | Reached XP level 2. HP: 16/19 MP: 5/7
   587 | D:1      | Reached skill level 5 in Spellcasting
   587 | D:1      | Reached XP level 3. HP: 24/25 MP: 3/9
  1073 | D:2      | Reached skill level 1 in Invocations
  1265 | D:2      | Identified the +5 spear "Mank" {vorpal, Drain rN++ Will+
                  | SInv}
  1327 | D:2      | Reached skill level 1 in Fighting
  1327 | D:2      | Reached skill level 1 in Short Blades
  1327 | D:2      | Reached skill level 1 in Long Blades
  1327 | D:2      | Reached skill level 1 in Axes
  1327 | D:2      | Reached skill level 1 in Maces & Flails
  1327 | D:2      | Reached skill level 1 in Polearms
  1327 | D:2      | Reached skill level 1 in Staves
  1327 | D:2      | Reached skill level 1 in Ranged Weapons
  1327 | D:2      | Reached skill level 1 in Throwing
  1327 | D:2      | Reached skill level 1 in Armour
  1327 | D:2      | Reached skill level 1 in Shields
  1327 | D:2      | Reached skill level 1 in Unarmed Combat
  1327 | D:2      | Reached skill level 1 in Evocations
  1340 | D:2      | Reached XP level 4. HP: 32/32 MP: 7/11
  1626 | D:3      | Learned a level 4 spell: Animate Dead
  1834 | D:3      | Found a glowing silver altar of Zin.
  2085 | D:3      | Found Xenidwur's Antique Weapon Shop.
  2448 | D:3      | Found a faded altar of an unknown god.
  2727 | D:4      | Noticed a scorpion
  2769 | D:4      | Killed a scorpion
  2770 | D:4      | Reached skill level 1 in Conjurations
  2770 | D:4      | Reached skill level 1 in Hexes
  2770 | D:4      | Reached skill level 1 in Summonings
  2770 | D:4      | Reached skill level 1 in Translocations
  2770 | D:4      | Reached skill level 1 in Transmutations
  2770 | D:4      | Reached skill level 1 in Fire Magic
  2770 | D:4      | Reached skill level 1 in Ice Magic
  2770 | D:4      | Reached skill level 1 in Air Magic
  2770 | D:4      | Reached skill level 1 in Earth Magic
  2770 | D:4      | Reached skill level 1 in Poison Magic
  2770 | D:4      | Reached XP level 5. HP: 36/37 MP: 5/12
  2835 | D:4      | Identified the +7 dagger of the Hungering Blowfly {drain,
                  | Will- Int+8 Dex+3}
  2891 | D:4      | Reached skill level 2 in Invocations
  2960 | D:4      | Noticed an ogre
  2968 | D:4      | Killed an ogre
  2969 | D:4      | Reached skill level 2 in Fighting
  2969 | D:4      | Reached skill level 2 in Short Blades
  2969 | D:4      | Reached skill level 2 in Long Blades
  2969 | D:4      | Reached skill level 2 in Axes
  2969 | D:4      | Reached skill level 2 in Maces & Flails
  2969 | D:4      | Reached skill level 2 in Polearms
  2969 | D:4      | Reached skill level 2 in Staves
  2969 | D:4      | Reached skill level 2 in Ranged Weapons
  2969 | D:4      | Reached skill level 2 in Throwing
  2969 | D:4      | Reached skill level 2 in Armour
  2969 | D:4      | Reached skill level 5 in Dodging
  2969 | D:4      | Reached skill level 2 in Shields
  2969 | D:4      | Reached skill level 2 in Unarmed Combat
  2969 | D:4      | Reached skill level 2 in Evocations
  2969 | D:4      | Reached XP level 6. HP: 44/44 MP: 14/14
  3130 | D:4      | Killed from afar by an orc priest

Illustrated notes

Levels and vault maps discovered:
D:1:      nicolae_arrival_memento_mori, layout_rooms, kennysheep_boxes
D:2:      layout_rooms, nrook_mini_vaults, hangedman_decor_riveting
D:3:      layout_basic, zin_scriptorium, dilly_ecumenical_altar_fadedgnrine,
          serial_shops, shop, minmay_misc_feat_square
D:4:      layout_loops_ring

Skill      XL: |  1  2  3  4  5 |
---------------+----------------+-----
Spellcasting   | 5 |  5.4
Invocations    | 1 2 |  2.3
Fighting       | 1 2 |  2.1
Short Blades   | 1 2 |  2.1
Long Blades    | 1 2 |  2.1
Axes           | 1 2 |  2.1
Maces & Flails | 1 2 |  2.1
Polearms       | 1 2 |  2.1
Staves         | 1 2 |  2.1
Ranged Weapons | 1 2 |  2.1
Throwing       | 1 2 |  2.1
Armour         | 1 2 |  2.1
Shields        | 1 2 |  2.1
Unarmed Combat | 1 2 |  2.1
Evocations     | 1 2 |  2.1
Conjurations   | 1 |  1.6
Hexes          | 1 |  1.6
Summonings     | 1 |  1.6
Translocations | 1 |  1.6
Transmutations | 1 |  1.6
Fire Magic     | 1 |  1.6
Ice Magic      | 1 |  1.6
Air Magic      | 1 |  1.6
Earth Magic    | 1 |  1.6
Poison Magic   | 1 |  1.6
Dodging        | 5 |  5.0
Stealth        | |  4.7
Necromancy     | |  7.3

Action                   |  1- 3 |  4- 6 || total
-------------------------+-------+-------++-------
Melee: Short sword       |     4 |       ||     4
       Bite              |     2 |     3 ||     5
       Dagger            |    11 |       ||    11
       Spear             |     9 |    51 ||    60
 Cast: Necrotise         |    47 |    13 ||    60
       Animate Dead      |       |     2 ||     2
  Use: Scroll            |       |     2 ||     2
 Stab: Sleeping          |       |     2 ||     2
       Distracted        |       |     1 ||     1
Armor: Ring mail         |    14 |    11 ||    25
Dodge: Dodged            |    17 |    19 ||    36

Table legend: (Time is in decaauts)
 A = Elapsed time spent in this place.
 B = Non-inter-level travel time spent in this place.
 C = Inter-level travel time spent in this place.
 D = Time resting spent in this place.
 E = Time spent auto-exploring this place.
 F = Levels seen in this place.
 G = Mean time per level.
                   A        B        C        D        E       F      G
               +--------+--------+--------+--------+--------+-----+--------+
         Total |   3128 |   3048 |     80 |     31 |   2468 |   4 |  782.0 |
       Dungeon |   3128 |   3048 |     80 |     31 |   2468 |   4 |  782.0 |
               +--------+--------+--------+--------+--------+-----+--------+

Top non-repeatable levels by time:
     D:3: 1068 daAuts
     D:1: 949 daAuts
     D:2: 662 daAuts
     D:4: 447 daAuts
